 Dungeon Crawl Stone Soup version 0.19.0-2-gae57169 (webtiles) character file.

1050 MirrMurr the Basher (level 8, 0/48 HPs)
             Began as a Gargoyle Berserker on Nov 5, 2016.
             Was a Believer of Trog.
             Slain by an orc warrior
             ... wielding a +0 long sword
              (14 damage)
             ... on level 6 of the Dungeon.
             The game lasted 00:12:46 (5797 turns).

MirrMurr the Basher (Gargoyle Berserker)            Turns: 5797, Time: 00:12:47

Health: 0/48       AC: 12    Str: 22    XL:     8   Next: 26%
Magic:  8/8        EV: 10    Int:  9    God:    Trog [**....]
Gold:   160        SH:  0    Dex:  9    Spells: 0 memorised, 7 levels left

rFire  . . .     SeeInvis .     a - +0 mace
rCold  . . .     Gourm    .     n - +0 scale mail
rNeg   + . .     Faith    .     (no shield)
rPois  ∞         Spirit   .     (no helmet)
rElec  +         Reflect  .     (no cloak)
rCorr  .         Harm     .     (no gloves)
MR     .....                    (no boots)
Stlth  ..........               (no amulet)
                                (no ring)
                                (no ring)

@: no status effects
A: negative energy resistance 1, electricity resistance, unbreathing,
petrification resistance, rot immunity, AC +5
a: Berserk, Trog's Hand, Burn Spellbooks, Renounce Religion


You were on level 6 of the Dungeon.
You worshipped Trog.
Trog was pleased with you.
You were not hungry.

You visited 1 branch of the dungeon, and saw 6 of its levels.

You collected 160 gold pieces.

Inventory:

Hand Weapons
 a - a +0 mace (weapon)
 t - the +8 mace of Ixaitex {crush, Dex+3, unknown}
   (You found it on level 4 of the Dungeon)

   It inflicts extra damage upon your enemies.
   It affects your dexterity (+3).
Missiles
 e - 124 stones
 i - 18 poisoned needles
 l - 3 needles of sleeping
 o - 8 tomahawks
 p - 2 javelins (quivered)
Armour
 n - a +0 scale mail (worn)
Rods
 s - a -1 rod of clouds (11/11)
   (You found it on level 5 of the Dungeon)
Jewellery
 g - an uncursed ring of protection from cold {unknown}
 r - an uncursed ring of protection from magic {unknown}
 w - an uncursed amulet of the gourmand {unknown}
Wands
 k - a wand of digging (24/24)
Scrolls
 m - a scroll of enchant armour
Potions
 b - a potion of berserk rage
 f - a potion of might
 j - 3 potions of curing
 q - 2 potions of brilliance
 v - a potion of flight
Comestibles
 c - 3 bread rations
 d - 2 beef jerkies
 h - 3 fruits
 u - 2 chunks of flesh


   Skills:
 + Level 4.0 Fighting
 * Level 9.3 Maces & Flails
 + Level 3.4 Armour
 - Level 1.5 Dodging


You had 7 spell levels left.
You didn't know any spells.

Dungeon Overview and Level Annotations

Branches:
Dungeon (6/15)
 Temple: D:4-7

Altars:
Qazlal
Ru
Vehumet
Yredelemnul

Shops:
D:4 [!%   D:6 ?


Innate Abilities, Weirdness & Mutations

You are resistant to torment.
Your stone body is resilient. (AC +5)
You are immune to poison.
You resist negative energy. (rN+)
You are resistant to electric shocks. (rElec)
You can survive without breathing.
You are immune to petrification.
You are immune to rotting.


Message History

The orc warrior is severely wounded.
You hit the orc warrior.
The orc warrior is severely wounded.
The orc warrior closely misses you.
You hit the orc warrior but do no damage.
The orc warrior is severely wounded.
The orc warrior hits you with a long sword!
You closely miss the orc warrior.
The orc warrior is severely wounded.
The orc warrior hits you with a long sword.
You hit the orc warrior.
The orc warrior is almost dead.
The orc warrior hits you with a long sword.
* * * LOW HITPOINT WARNING * * *
You hit the orc warrior.
The orc warrior is almost dead.
Your scale mail prevents you from hitting the orc warrior.
The orc warrior is almost dead.
The orc warrior hits you with a long sword!
You die...

#........#
#.%......#
#........#
#........#
#........#
#........#
#........#
#######..#####
#.$oo@.)##
#..#####.# #.#
#.# #.# #.#
#.# #.# #.#


You could see an orc warrior and an orc.

Vanquished Creatures
  Grinder (D:3)
  Eustachio (D:6)
  2 centaurs (D:5)
  A crimson imp (D:5)
  An orc priest (D:5)
  2 bullfrog skeletons (D:4)
  A centaur skeleton (D:3)
  3 hounds
  An orc wizard (D:6)
  3 worker ants
  Terence (D:3)
  A hound skeleton (D:6)
  3 gnolls (D:2)
  6 adders
  An ooze (D:3)
  A worm zombie (D:5)
  2 worms
  A dart slug (D:2)
  5 leopard geckos
  13 orcs
  2 giant cockroaches
  7 goblins
  6 hobgoblins
  2 jackals (D:2)
  4 quokkas
  A ball python (D:4)
  5 bats
  5 frilled lizards
  5 kobolds
  5 rats
92 creatures vanquished.

Vanquished Creatures (others)
  An orc wizard (D:6)
1 creature vanquished.

Grand Total: 93 creatures vanquished

Notes
Turn   | Place    | Note
-------+----------+-------------------------------------------
     0 | D:1      | MirrMurr the Gargoyle Berserker began the quest for the Orb.
     0 | D:1      | Reached XP level 1. HP: 14/14 MP: 1/1
   328 | D:1      | Reached XP level 2. HP: 12/19 MP: 2/2
  1109 | D:2      | Reached skill level 4 in Maces & Flails
  1162 | D:2      | Reached XP level 3. HP: 21/23 MP: 3/3
  1636 | D:2      | Reached XP level 4. HP: 28/28 MP: 4/4
  1787 | D:2      | Found a basalt altar of Yredelemnul.
  1792 | D:2      | Reached ** piety under Trog
  1792 | D:2      | Reached skill level 5 in Maces & Flails
  2278 | D:3      | Noticed Grinder
  2287 | D:3      | Paralysed by Grinder for 2 turns
  2298 | D:3      | Killed Grinder
  2298 | D:3      | Reached skill level 6 in Maces & Flails
  2298 | D:3      | Reached XP level 5. HP: 21/32 MP: 5/5
  2298 | D:3      | Reached XP level 6. HP: 24/37 MP: 6/6
  2432 | D:3      | Reached skill level 7 in Maces & Flails
  2554 | D:3      | Noticed Terence
  2574 | D:3      | Killed Terence
  3241 | D:4      | Reached XP level 7. HP: 36/41 MP: 7/7
  3276 | D:4      | Found a radiant altar of Vehumet.
  3300 | D:4      | Found Japnukha's Distillery.
  3305 | D:4      | Found Ugosch's Food Shop.
  3366 | D:4      | Got an ancient mace
  3620 | D:4      | Found Rarghi's Armour Shop.
  3841 | D:4      | Reached skill level 8 in Maces & Flails
  3931 | D:4      | Found a sacrificial altar of Ru.
  3942 | D:5      | Entered Level 5 of the Dungeon
  4236 | D:5      | Found a stormy altar of Qazlal.
  5302 | D:6      | Found Herewil's Magic Scroll Emporium.
  5332 | D:6      | Reached XP level 8. HP: 48/48 MP: 8/8
  5372 | D:6      | Reached skill level 9 in Maces & Flails
  5621 | D:6      | Noticed Eustachio
  5714 | D:6      | Killed Eustachio
  5797 | D:6      | Slain by an orc warrior

Skill      XL: |  1  2  3  4  5  6  7  8 |
---------------+-------------------------+-----
Maces & Flails | 4 6 7 8 9 |  9.3
Armour         | 3 |  3.4
Fighting       | 4 |  4.0
Dodging        | |  1.5

Action                   |  1- 3 |  4- 6 |  7- 9 || total
-------------------------+-------+-------+-------++-------
Melee: Mace              |    86 |   125 |   241 ||   452
Invok: Berserk           |       |     2 |       ||     2
  Use: Scroll            |     2 |     5 |     7 ||    14
  Eat: Chunk             |     2 |     4 |     9 ||    15
       Pizza             |       |     1 |       ||     1
       Beef jerky        |       |     1 |       ||     1
Armor: Animal skin       |    18 |    27 |       ||    45
       Scale mail        |       |    16 |   121 ||   137
Dodge: Dodged            |    57 |    61 |    97 ||   215
